 Dungeon Crawl Stone Soup version 0.21.1-1-g345015f (webtiles) character file.

263 Falco the Caller (level 5, 0/45 HPs)
             Began as a Troll Summoner on Apr 23, 2018.
             Slain by Duvessa
             ... wielding a +0 short sword
              (12 damage)
             ... on level 4 of the Dungeon.
             The game lasted 00:23:55 (1996 turns).

Falco the Caller (Troll Summoner)                   Turns: 1996, Time: 00:23:56

Health: 0/45       AC:  5    Str: 16    XL:     5   Next: 98%
Magic:  5/7        EV: 10    Int: 12    God:
Gold:   150        SH:  0    Dex: 10    Spells: 2/8 levels left

rFire    . . .     SeeInvis .     - Unarmed
rCold    . . .     Gourm    +   (no shield)
rNeg     . . .     Faith    .   a - +0 robe
rPois    .         Spirit   .   (helmet restricted)
rElec    .         Reflect  .   (no cloak)
rCorr    .         Harm     .   (gloves unavailable)
MR       .....                  (boots unavailable)
Stlth    +.........             (no amulet)
HPRegen  0.55/turn              (no ring)
MPRegen  0.10/turn              (no ring)

@: confused
A: large, unfitting armour, claws 3, fast metabolism 3, gourmand, regeneration
1, shaggy fur 1, tough skin 2
a: no special abilities


You were on level 4 of the Dungeon.
You were not hungry.

You visited 1 branch of the dungeon, and saw 4 of its levels.

You collected 150 gold pieces.

Inventory:

Armour
 a - a +0 robe (worn)
Scrolls
 d - a scroll of remove curse {unknown}
 g - a scroll of teleportation {unknown}
 h - a scroll of fog
 j - a scroll of magic mapping {unknown}
Potions
 e - a potion of might {unknown}
 i - a potion of lignification {unknown}
 k - a potion of heal wounds {unknown}
Books
 b - a book of Callings

   Spells                             Type                      Level
   a - Summon Small Mammal            Summoning                    1
   b - Call Imp                       Summoning                    2
   c - Call Canine Familiar           Summoning                    3
   d - Summon Guardian Golem          Hexes/Summoning              3
   e - Summon Lightning Spire         Summoning/Air                4
   f - Summon Ice Beast               Ice/Summoning                4
Comestibles
 c - 2 rations


   Skills:
 + Level 2.1 Dodging
 + Level 1.2 Stealth
 + Level 2.6 Unarmed Combat
 + Level 2.1 Spellcasting
 + Level 4.1 Summonings


You had 2 spell levels left.
You knew the following spells:

 Your Spells              Type           Power        Failure   Level  Hunger
a - Summon Small Mammal   Summ           ##..         4%          1    ##.....
b - Call Imp              Summ           ##......     8%          2    ###....
c - Call Canine Familiar  Summ           ##......     14%         3    ####...


Dungeon Overview and Level Annotations

Branches:
Dungeon (4/15)
 Temple: D:4-7

Altars:
Ashenzari
Elyvilon
Makhleb
Okawaru
The Shining One

Annotations:
D:4 Duvessa


Innate Abilities, Weirdness & Mutations

You are too large for most types of armour.
You have claws for hands.
Your metabolism is lightning-fast.
You like to eat raw meat.
Your natural rate of healing is unusually fast.
You are covered in fur. (AC +1)
You have very tough skin. (AC +2)


Message History

Duvessa hits you with a short sword.
There is a stone staircase leading up here.
Found a stone staircase leading down.
Duvessa hits you but does no damage. Duvessa barely misses you.
Casting: Summon Small Mammal
Confirm with . or Enter, or press ? or * to list all spells.
Duvessa hits you with a short sword!
* * * LOW HITPOINT WARNING * * *
You swap places.
Duvessa hits your rat with a short sword.
Your rat dies!
Your rat's corpse disappears in a puff of smoke!
As you read the scroll labeled YDULU IPTOSAUM, it crumbles to dust.
The scroll dissolves into smoke.
It was a scroll of fog.
Duvessa hits you with a short sword!
* * * LOW HITPOINT WARNING * * *
You are confused.
You feel invigorated. Duvessa hits you with a short sword!
You die...

........##..##
...#
............#
...#
..########.##
... . #.<# ..
##.#### .
#....#
#Z##....# ##e#
##.> #@## ###


You could see Duvessa (berserk) and a centaur skeleton.

Vanquished Creatures
  Dowan (D:4)
  A scorpion (D:3)
  A hound (D:3)
  An orc priest (D:3)
  An orc wizard (D:3)
  2 adders
  4 worms
  A dart slug (D:3)
  3 orcs (D:3)
  A ball python (D:3)
  10 giant cockroaches (D:2)
  3 goblins
  2 hobgoblins
  6 jackals (D:2)
  A quokka (D:3)
  2 bats (D:3)
  2 frilled lizards
  A kobold (D:2)
  2 rats (D:3)
45 creatures vanquished.

Vanquished Creatures (collateral kills)
  3 adders (D:3)
  An ooze (D:2)
  An orc (D:3)
  2 hobgoblins (D:3)
  2 kobolds
  A rat (D:2)
10 creatures vanquished.

Grand Total: 55 creatures vanquished

Notes
Turn   | Place    | Note
-------+----------+-------------------------------------------
     0 | D:1      | Falco the Troll Summoner began the quest for the Orb.
     0 | D:1      | Reached XP level 1. HP: 16/16 MP: 1/1
   301 | D:2      | Found an iron altar of Okawaru.
   303 | D:2      | Found a white marble altar of Elyvilon.
   304 | D:2      | Found a burning altar of Makhleb.
   311 | D:2      | Found a shattered altar of Ashenzari.
   314 | D:2      | Reached skill level 3 in Summonings
   323 | D:2      | Reached XP level 2. HP: 20/24 MP: 0/2
   327 | D:2      | Learned a level 2 spell: Call Imp
   443 | D:2      | Reached XP level 3. HP: 31/31 MP: 1/4
   553 | D:2      | Found a glowing golden altar of the Shining One.
   877 | D:2      | Reached skill level 1 in Unarmed Combat
  1126 | D:3      | Noticed a scorpion
  1260 | D:3      | Killed a scorpion
  1260 | D:3      | Reached XP level 4. HP: 38/39 MP: 1/5
  1265 | D:3      | Learned a level 3 spell: Call Canine Familiar
  1425 | D:3      | Reached XP level 5. HP: 42/45 MP: 3/6
  1516 | D:3      | Reached skill level 4 in Summonings
  1966 | D:4      | Noticed Dowan
  1970 | D:4      | Noticed Duvessa
  1982 | D:4      | Killed Dowan
  1996 | D:4      | Slain by Duvessa

Skill      XL: |  1  2  3  4  5 |
---------------+----------------+-----
Summonings     | 3 4 |  4.1
Unarmed Combat | 1 2 |  2.6
Dodging        | 2 |  2.1
Spellcasting   | 2 |  2.1
Stealth        | |  1.2

Action                   |  1- 3 |  4- 6 || total
-------------------------+-------+-------++-------
Melee: Unarmed           |   106 |    58 ||   164
 Cast: Summon Small Mamm |    26 |     7 ||    33
       Call Imp          |     4 |     1 ||     5
       Call Canine Famil |       |     5 ||     5
  Use: Scroll            |     1 |     1 ||     2
       Potion            |       |     2 ||     2
 Stab: Sleeping          |       |     1 ||     1
  Eat: Ration            |     3 |     3 ||     6
Armor: Robe              |    29 |    12 ||    41
Dodge: Dodged            |    53 |    21 ||    74
